 Dungeon Crawl Stone Soup version 0.24.0-41-g2ae2f7f1be (webtiles) character file.

Game seed: 15301580553423509985, levelgen mode: deterministic

206046 Devinter the Hand of Fortune (level 18, -5/140 HPs)
             Began as a Demonspawn Gladiator on Dec 12, 2019.
             Was the Champion of Nemelex Xobeh.
             Slain by a merfolk
             ... wielding a +0 trident
              (18 damage)
             ... on level 4 of the Shoals on Dec 14, 2019.
             The game lasted 05:55:55 (36860 turns).

Devinter the Hand of Fortune (DsGl)                Turns: 36860, Time: 05:55:59

Health: -5/140     AC: 22    Str: 21    XL:     18   Next: 5%
Magic:  21/32      EV: 20    Int: 12    God:    Nemelex Xobeh [******]
Gold:   1072       SH:  0    Dex: 30    Spells: 5/37 levels left

rFire    + + +     SeeInvis .   m - +5 bardiche (vamp)
rCold    + + +     Gourm    .   (shield currently unavailable)
rNeg     . . .     Faith    +   J - +2 leather armour "Boockuq" {rF+ MR++ rCorr Str+3}
rPois    .         Spirit   .   V - +1 hat "Xiollic" {rC+++ rCorr Int-5 Stlth+}
rElec    .         Reflect  .   C - scarf {rC+ rF+}
rCorr    +         Harm     .   F - +2 pair of gloves
MR       +++..                  (boots unavailable)
Stlth    +++.......             N - amulet of faith
HPRegen  6.33/turn              p - ring of Maruatyq {rF+ Str+2 Int+2}
MPRegen  0.23/turn              g - ring of Free Will {rCorr Int+5 Dex+9}

@: sanguine armour, studying Transmutations
A: hooves 3, fire resistance 1, foul stench 1, powered by death 2, rot immunity,
sanguine armour 3
}: 1/15 runes: gossamer
a: Draw Escape, Draw Destruction, Draw Summoning, Draw Stack, Triple Draw, Deal
Four, Stack Five, Renounce Religion


You were on level 4 of the Shoals.
You worshipped Nemelex Xobeh.
Nemelex Xobeh was exalted by your worship.
You were very hungry.

You visited 5 branches of the dungeon, and saw 31 of its levels.
You also visited: Trove, Ossuary, Gauntlet and Ice Cave.

You collected 3507 gold pieces.
You spent 2435 gold pieces at shops.

Inventory:

Hand Weapons
 m - a +5 vampiric bardiche (weapon)
 D - the +9 staff of Olgreb {rPois}
   (You found it on level 7 of the Dungeon)

   It protects you from poison.
Missiles
 b - 3 throwing nets
 O - 8 atropa-tipped darts
 R - 33 silver javelins (quivered)
Armour
 q - the +1 robe of Devotion {rN++ Slay+2}
   (You found it on level 2 of the Shoals)

   It affects your accuracy and damage with ranged weapons and melee attacks
   (+2).
   It greatly protects you from negative energy.
 C - a scarf of resistance (worn)
 F - a +2 pair of gloves (worn)
 J - the +2 leather armour "Boockuq" (worn) {rF+ MR++ rCorr Str+3}
   (You found it on level 7 of the Dungeon)

   It affects your strength (+3).
   It protects you from fire.
   It affects your resistance to hostile enchantments.
   It provides partial protection from all sources of acid and corrosion.
 V - the +1 hat "Xiollic" (worn) {rC+++ rCorr Int-5 Stlth+}
   (You found it in a Gauntlet)

   It affects your intelligence (-5).
   It renders you almost immune to cold.
   It provides partial protection from all sources of acid and corrosion.
   It makes you more stealthy.
Jewellery
 g - the ring of Free Will (right hand) {rCorr Int+5 Dex+9}
   (You bought it in a shop on level 1 of the Orcish Mines)

   [ring of resist corrosion]

   It affects your intelligence (+5).
   It affects your dexterity (+9).
   It provides partial protection from all sources of acid and corrosion.
 i - an uncursed ring of wizardry
 o - a +5 ring of dexterity
 p - the ring of Maruatyq (left hand) {rF+ Str+2 Int+2}
   (You acquired it on level 1 of the Shoals)

   [ring of protection from fire]

   It affects your strength (+2).
   It affects your intelligence (+2).
   It protects you from fire.
 E - an uncursed ring of positive energy
 K - the ring "Ygiquroe" {EV+5 Int+2}
   (You found it in a Gauntlet)

   [ring of evasion]

   It affects your evasion (+5).
   It affects your intelligence (+2).
 N - an amulet of faith (around neck)
 P - a +3 ring of dexterity
Wands
 t - a wand of polymorph (3)
 w - a wand of flame (15)
 x - a wand of paralysis (57)
 B - a wand of disintegration (18)
 I - a wand of scattershot (14)
 U - a wand of digging (22)
Scrolls
 c - 7 scrolls of remove curse
 d - a scroll of identify
 k - a scroll of fog {unknown}
 n - 15 scrolls of teleportation
 r - a scroll of random uselessness {unknown}
 u - a scroll of amnesia
 y - a scroll of enchant armour
 z - 2 scrolls of fear
 A - 5 scrolls of magic mapping
 L - 6 scrolls of blinking
Potions
 a - 11 potions of curing
 e - 3 potions of haste
 h - 2 potions of heal wounds
 j - 6 potions of might
 l - a potion of brilliance
 s - 2 potions of berserk rage
 G - 9 potions of ambrosia
 H - 3 potions of flight
 M - 11 potions of lignification
Books
 T - a manual of Transmutations
Comestibles
 f - 42 rations
 v - 4 chunks of flesh


   Skills:
 - Level 12.0 Fighting
 * Level 10.1(11.7) Polearms
 - Level 10.0(11.7) Staves
 - Level 2.0 Throwing
 - Level 8.0 Armour
 - Level 8.0 Dodging
 + Level 10.3 Spellcasting
 + Level 5.3 Conjurations
 - Level 4.0 Charms
 - Level 12.0 Necromancy
 - Level 4.0 Translocations
 + Level 10.7 Transmutations
 - Level 8.0 Earth Magic
 + Level 17.3 Invocations


You had 5 spell levels left.
You knew the following spells:

 Your Spells              Type           Power        Failure   Level  Hunger
a - Regeneration          Chrm/Necr      ####......   1%          3    ##.....
b - Vampiric Draining     Necr           ####......   1%          3    ##.....
c - Borgnjor's Vile Clut  Necr/Erth      ####......   6%          5    #####..
d - Blink                 Tloc           N/A          3%          2    None
e - Shroud of Golubria    Chrm/Tloc      ###...       3%          2    None
f - Irradiate             Conj/Tmut      ####......   13%         5    #####..
g - Deflect Missiles      Chrm/Air       ##........   100%        6    #######
h - Statue Form           Tmut/Erth      ####.....    38%         6    #######

Your spell library contained the following spells:

 Spells                   Type           Power        Failure   Level  Hunger
 Animate Skeleton         Necr           N/A          1%          1    None
 Beastly Appendage        Tmut           ####..       1%          1    None
 Pain                     Necr           ####         1%          1    None
 Passwall                 Tmut/Erth      ####....     1%          2    None
 Animate Dead             Necr           N/A          1%          4    ####...
 Apportation              Tloc           ###...       2%          1    None
 Spider Form              Tmut/Pois      ###.......   4%          3    ##.....
 Gell's Gravitas          Tloc           ###.......   8%          3    ##.....
 Lesser Beckoning         Tloc           ###.......   8%          3    ##.....
 Teleport Other           Tloc           ###.....     8%          3    ##.....
 Ignite Poison            Fire/Tmut/Pois ##......     9%          3    ##.....
 Confusing Touch          Hex            #.....       13%         1    None
 Summon Small Mammal      Summ           #...         13%         1    None
 Static Discharge         Conj/Air       ##......     13%         3    ##.....
 Mephitic Cloud           Conj/Pois/Air  ##......     19%         3    ##.....
 Passage of Golubria      Tloc           N/A          24%         4    ####...
 Iskenderun's Battlesphe  Conj/Chrm      ###.....     45%         5    #####..
 Bolt of Magma            Conj/Fire/Erth ###.......   50%         5    #####..
 Lightning Bolt           Conj/Air       ##........   75%         5    #####..
 Venom Bolt               Conj/Pois      ##........   75%         5    #####..
 Summon Lightning Spire   Summ/Air       #.......     78%         4    ####...
 Silence                  Hex/Air        #.........   98%         5    #####..
 Iron Shot                Conj/Erth      ###.......   77%         6    #######
 Conjure Ball Lightning   Conj/Air       ##........   100%        6    #######
 Orb of Destruction       Conj           ###.......   100%        7    #######
 Spellforged Servitor     Conj/Summ      ##........   100%        7    #######
 Ignition                 Fire           #.........   100%        8    #######
 Shatter                  Erth           ####......   100%        9    #######
 Tornado                  Air            #.........   100%        9    #######


Dungeon Overview and Level Annotations

Branches:
Dungeon (15/15)            Temple (0/1) D:4            Lair (6/6) D:8
 Shoals (4/4) Lair:4       Spider (4/4) Lair:3        Slime (0/5) Lair:5
    Orc (2/2) D:10            Elf (0/3) Orc:2        Vaults (0/5) D:14
 Depths (0/5) D:15        Ossuary (visited)           IceCv (visited)
Gauntlet (visited)

Altars:
Dithmenos
Elyvilon
Gozag
Makhleb
Nemelex Xobeh
Ru
Sif Muna
Wu Jian
Xom
Yredelemnul
Beogh
Jiyva

Shops:
D:14 (   Orc:1 =(*[   Orc:2 *[(=   Shoals:4 }

Annotations:
Spider:1 Zot Vault for 2 Arti Amulets


Innate Abilities, Weirdness & Mutations

You have hooves in place of feet.
Your flesh is heat resistant. (rF+)
You may emit foul miasma when damaged in melee.
You regenerate health from kills.
You are immune to rotting.
When seriously injured, your bleeding wounds create very thick armour. (AC +12)


Message History

The shock serpent completely resists.
You feel much better.
Your yaktaur wields a +0 arbalest.
Your yaktaur shoots a bolt.
The bolt closely misses the shock serpent.
The bolt barely misses the merfolk.
The bolt hits the harpy!
The bolt disappears in a puff of smoke!
Your fire dragon bites the merfolk.
Your fire dragon claws the merfolk!
Your fire dragon closely misses the merfolk.
The shock serpent bites your yaktaur! The shock serpent shocks your yaktaur!
The spark wasp stings you!
* * * LOW HITPOINT WARNING * * *
The spark wasp shocks you!
* * * LOW HITPOINT WARNING * * *
The merfolk closely misses you.
The elephant tramples your ice dragon but does no damage.
The elephant trunk-slaps your ice dragon but does no damage.
The merfolk hits you from afar with a +0 trident!!
You die...
Your body glows with a rainbow of weird colours and disappears.

≈≈≈≈≈≈≈≈≈≈.## ..
≈≈≈≈≈≈≈≈≈...## #$..
#≈≈≈≈≈≈≈.....#######....
#≈≈≈≈≈≈.......(≈(!.m...
#≈≈≈≈≈≈.....)§≈.†).....
#≈≈≈≈≈..........♣......
#≈≈≈........)D♣)c.♣....
#≈≈.........YkmS♣..≈...
#≈≈.........DHy@N≈≈....
##...........Gm######...
#..<.........m#. ..
............)#.# .
............#.
............#
...........≈#
≈≈.......≈≈≈
≈≈P≈...≈≈≈≈≈


You could see an elephant, a great orb of eyes, a spark wasp, 4 merfolk, a shock
serpent, a lindwurm, a harpy, a friendly fire dragon, a friendly ice dragon
(paralysed), a friendly naga sharpshooter and a friendly yaktaur.

Vanquished Creatures
  Arachne (Spider:4)
  Rupert (D:14)
  Polyphemus (Shoals:2)
  Ilsuiw (Shoals:2)
  An orc warlord (Orc:2)
  Louise (D:15)
  7 ghost moths
  4 emperor scorpions (Spider:4)
  6 entropy weavers
  Nessos (D:15)
  2 minotaurs
  A spark wasp (Spider:3)
  2 merfolk javelineers
  A green death (Gauntlet)
  A merfolk impaler (Shoals:2)
  2 ice dragons
  3 fire dragons
  A centaur warrior (D:15)
  5 hydras
  3 vault guards
  4 two-headed ogres
  2 merfolk aquamancers
  A dancing weapon (D:7)
  3 merfolk avatars
  An anaconda (shapeshifter) (D:13)
  A catoblepas (Shoals:2)
  An ogre mage (D:15)
  A queen ant (Spider:2)
  2 satyrs
  A satyr (shapeshifter) (D:13)
  4 death yaks
  An orc high priest (Orc:2)
  A fire crab (Shoals:2)
  2 skeletal warriors
  11 sea snakes
  2 unseen horrors
  3 wizards (D:14)
  A lindwurm (Shoals:2)
  4 orc knights
  12 harpies
  2 orc sorcerers
  A deep elf mage (D:15)
  18 orb spiders
  Pikel (D:5)
  An ugly thing (D:11)
  3 necromancers
  32 wolf spiders
  8 fauns
  8 cyclopes
  A worldbinder (Gauntlet)
  The ghost of barcode the Archer, a novice DEHu of Cheibriados (D:7)
  2 moths of wrath
  5 manticores
  3 elephants (Lair:5)
  5 merfolk sirens
  4 water nymphs
  4 black mambas
  Maurice (Orc:2)
  3 ice statues (IceCv)
  9 spiny frogs
  A molten gargoyle (Lair:6)
  9 demonic crawlers
  An orange demon (Gauntlet)
  A torpor snail (Lair:6)
  4 centaur skeletons
  A rime drake (Lair:2)
  5 komodo dragons
  2 yaktaurs
  8 ice devils (IceCv)
  9 trolls
  12 merfolk
  2 tengu conjurers
  21 jumping spiders
  5 snapping turtles
  Prince Ribbit (D:5)
  3 hornets
  4 wind drakes
  4 slime creatures
  A harpy skeleton (D:15)
  12 hippogriffs
  8 blink frogs
  4 wraiths
  A shadow (D:13)
  7 water elementals
  83 redbacks
  26 tarantellas
  6 wyverns
  3 basilisks
  32 yaks
  A hungry ghost (D:12)
  19 humans
  2 steam dragons
  4 wargs
  Edmund (D:5)
  An acid dragon (D:14)
  10 water moccasins
  7 soldier ants
  5 hell hounds (Lair:6)
  10 porcupines
  3 sky beasts
  A hornet zombie (D:15)
  3 slaves
  20 orc warriors
  9 ice beasts
  4 phantoms
  4 black bears
  3 eyes of draining
  2 necrophages (D:10)
  11 ogres
  6 boggarts
  9 wolves
  17 centaurs
  14 crocodiles
  3 big kobolds
  10 bullfrogs
  A gnoll sergeant (D:5)
  9 scorpions
  A water moccasin skeleton (D:8)
  2 killer bees (Orc:2)
  4 wights (D:9)
  2 howler monkeys
  4 electric eels
  2 lava snakes (Lair:6)
  2 crimson imps
  6 jellies
  A quasit (D:8)
  2 bullfrog zombies
  2 draconian simulacra (IceCv)
  8 hounds
  5 centaur zombies
  2 gnoll shamans (D:5)
  10 orc priests
  15 orc wizards
  5 bullfrog skeletons
  6 iguanas
  28 worker ants
  Natasha (D:3)
  2 spriggan simulacra (IceCv)
  3 troll simulacra (IceCv)
  3 centaur simulacra (IceCv)
  2 hound skeletons (D:9)
  3 mummies (Ossuary)
  A howler monkey zombie (D:11)
  3 worker ant zombies
  Robin (D:3)
  A howler monkey skeleton (D:8)
  10 adders
  33 gnolls
  5 shadow imps
  4 oozes
  4 dart slugs
  3 leopard geckos
  47 orcs
  2 giant cockroaches
  18 goblins
  9 hobgoblins
  27 jackals
  3 quokkas
  A ball python (D:1)
  5 bats
  5 frilled lizards
  3 goblin zombies (Ossuary)
  4 hobgoblin zombies (Ossuary)
  20 kobolds
  2 kobold zombies (Ossuary)
  A quokka skeleton (D:5)
  4 rats
  9 fungi
  23 plants
1049 creatures vanquished.

Vanquished Creatures (collateral kills)
  Mara (Shoals:4)
  2 emperor scorpions (Spider:4)
  An entropy weaver (Spider:3)
  A merfolk javelineer (Shoals:3)
  A great orb of eyes (Shoals:4)
  2 hydras
  A centaur warrior (D:13)
  2 two-headed ogres (D:15)
  6 death yaks (Lair:5)
  Urug (Orc:2)
  3 slime creatures (D:15)
  2 skeletal warriors (D:13)
  3 sea snakes
  A lindwurm (Lair:6)
  4 harpies
  An orc knight (Orc:2)
  2 wolf spiders (Spider:3)
  2 manticores
  A faun (Shoals:4)
  An orb spider (Spider:3)
  An orc sorcerer (Orc:2)
  3 elephants (Lair:5)
  2 black mambas (Lair:6)
  A water nymph (Shoals:4)
  A merfolk siren (Shoals:1)
  A molten gargoyle (Lair:6)
  A gargoyle (D:13)
  A torpor snail (Spider:3)
  2 komodo dragons
  5 merfolk (Shoals:3)
  2 jumping spiders (Spider:3)
  A troll (Orc:2)
  A wind drake (Shoals:3)
  8 redbacks
  2 tarantellas (Spider:3)
  A wyvern (D:13)
  2 water elementals
  2 yaks
  A basilisk (Lair:6)
  A steam dragon (Lair:6)
  A warg (Orc:2)
  A water moccasin (D:13)
  6 orc warriors
  A porcupine (Lair:5)
  A sky beast (D:13)
  An ogre (D:15)
  A crocodile (Lair:3)
  A centaur (Shoals:1)
  3 lava snakes (Lair:6)
  A jelly (D:15)
  An orc wizard (Orc:2)
  An orc (Orc:2)
  A fungus (Lair:5)
97 creatures vanquished.

Vanquished Creatures (others)
  A faun (Shoals:2)
  An ice statue (IceCv)
  A demonic crawler (Spider:1)
  2 tarantellas (Spider:1)
  A warg (Orc:2)
  A porcupine (Lair:1)
  An orc warrior (Orc:2)
  An ice beast (D:12)
  An ogre (D:15)
  A killer bee (Orc:2)
  3 orc priests (Orc:2)
  An orc wizard (D:7)
  An iguana (Orc:2)
  3 ball lightnings
  An orc (Orc:2)
  A demonic plant (Gauntlet)
  5 fungi
  5 plants
31 creatures vanquished.

Grand Total: 1177 creatures vanquished

Notes
Turn   | Place    | Note
-------+----------+-------------------------------------------
     0 | D:1      | Devinter the Demonspawn Gladiator began the quest for the
                  | Orb.
     0 | D:1      | Reached XP level 1. HP: 16/16 MP: 1/1
    52 | D:1      | Reached skill level 2 in Throwing
    68 | D:1      | Gained mutation: When seriously injured, your bleeding
                  | wounds create armour. (AC +12) [demonic ancestry]
    68 | D:1      | Reached XP level 2. HP: 17/22 MP: 2/2
   154 | D:1      | Reached skill level 3 in Staves
   249 | D:1      | Reached skill level 3 in Dodging
   462 | D:1      | Found a sparkling altar of Nemelex Xobeh.
   466 | D:1      | Became a worshipper of Nemelex Xobeh the Trickster
   815 | D:1      | Received a gift from Nemelex Xobeh
   832 | D:1      | Reached skill level 1 in Invocations
   847 | D:1      | Gained mutation: You regenerate a little health from kills.
                  | [demonic ancestry]
   847 | D:1      | Reached XP level 3. HP: 27/27 MP: 3/3
  1237 | D:2      | Found a faded altar of an unknown god.
  1743 | D:2      | Reached * piety under Nemelex Xobeh
  1743 | D:2      | Received a gift from Nemelex Xobeh
  1820 | D:2      | Reached skill level 2 in Invocations
  2155 | D:3      | Gained mutation: When seriously injured, your bleeding
                  | wounds create thick armour. (AC +12) [demonic ancestry]
  2155 | D:3      | Reached XP level 4. HP: 34/34 MP: 5/5
  2179 | D:3      | Reached skill level 3 in Invocations
  2182 | D:3      | Found a shimmering blue altar of Sif Muna.
  2382 | D:3      | Noticed Natasha
  2395 | D:3      | Killed Natasha
  2442 | D:3      | Noticed Robin
  2450 | D:3      | Reached XP level 5. HP: 38/40 MP: 7/7
  2480 | D:3      | Reached skill level 3 in Fighting
  2516 | D:3      | Killed Robin
  2989 | D:4      | Reached skill level 4 in Invocations
  3003 | D:4      | Reached ** piety under Nemelex Xobeh
  3089 | D:4      | Found a staircase to the Ecumenical Temple.
  3347 | D:4      | Gained mutation: You have large cloven feet. [demonic
                  | ancestry]
  3347 | D:4      | Reached XP level 6. HP: 46/47 MP: 9/9
  3395 | D:4      | Reached skill level 5 in Invocations
  3399 | D:4      | Reached skill level 4 in Staves
  3501 | D:5      | Entered Level 5 of the Dungeon
  3537 | D:5      | Noticed a slave
  3537 | D:5      | Noticed a slave
  3647 | D:4      | Killed a slave
  3647 | D:4      | HP: 2/47 [card of wild magic (26)]
  3652 | D:4      | HP: 4/48 [poisoned by a worker ant]
  3658 | D:4      | HP: 3/48 [poisoned by a worker ant]
  3666 | D:4      | HP: 2/48 [poisoned by a worker ant]
  4009 | D:5      | Noticed Dowan
  4011 | D:5      | Noticed Duvessa
  4016 | D:5      | Noticed Dowan
  4016 | D:5      | Dowan changed into Dowan the hound
  4016 | D:5      | Noticed Duvessa
  4016 | D:5      | Duvessa changed into Duvessa the iguana
  4022 | D:5      | Killed Dowan the hound
  4024 | D:5      | Killed Duvessa the iguana
  4024 | D:5      | Reached skill level 6 in Invocations
  4049 | D:5      | Reached skill level 4 in Fighting
  4049 | D:5      | Reached XP level 7. HP: 29/54 MP: 11/11
  4075 | D:5      | Noticed Edmund
  4374 | D:5      | Killed Edmund
  4374 | D:5      | Reached skill level 7 in Invocations
  4581 | D:5      | Noticed Pikel
  4598 | D:5      | Killed Pikel
  4598 | D:5      | Reached skill level 5 in Fighting
  4598 | D:5      | Reached skill level 5 in Staves
  4598 | D:5      | Reached skill level 8 in Invocations
  4598 | D:5      | Reached XP level 8. HP: 62/62 MP: 12/14
  4716 | D:5      | Reached skill level 9 in Invocations
  5335 | D:5      | Noticed Prince Ribbit
  5343 | D:5      | Killed Prince Ribbit
  5343 | D:5      | Reached skill level 10 in Invocations
  5913 | D:6      | Found a shadowy altar of Dithmenos.
  5955 | D:6      | Received a gift from Nemelex Xobeh
  6001 | D:6      | Reached *** piety under Nemelex Xobeh
  6027 | D:6      | Reached skill level 11 in Invocations
  6075 | D:6      | Reached XP level 9. HP: 62/68 MP: 17/17
  6199 | D:6      | HP: 4/68 [orc warrior/+0 war axe (18)]
  6212 | D:6      | Reached skill level 6 in Staves
  6216 | D:6      | HP: 6/68 [orc/+0 war axe (1)]
  6890 | D:7      | Received a gift from Nemelex Xobeh
  6911 | D:7      | Found a runed translucent door.
  6911 | D:7      | Found a shimmering altar of Xom.
  6911 | D:7      | Noticed barcode's ghost (novice DEHu)
  6911 | D:7      | Noticed a +2 rapier of chaos
  6913 | D:7      | Reached skill level 1 in Armour
  6936 | D:7      | Found a basalt altar of Yredelemnul.
  6996 | D:7      | Found the +9 staff of Olgreb {rPois}
  7158 | D:7      | Received a gift from Nemelex Xobeh
  7423 | D:7      | Got a scorched leather armour
  7426 | D:7      | Identified the +2 leather armour "Boockuq" {rF+ MR++ rCorr
                  | Str+3} (You found it on level 7 of the Dungeon)
  7487 | D:7      | Reached **** piety under Nemelex Xobeh
  7500 | D:7      | Reached skill level 4 in Dodging
  7692 | D:8      | Reached skill level 2 in Armour
  7699 | D:8      | Received a gift from Nemelex Xobeh
  7711 | D:8      | Found a staircase to the Lair.
  7758 | D:8      | Found a sand-covered staircase.
  7788 | Ossuary  | Entered an ossuary
  7982 | Ossuary  | Reached skill level 6 in Fighting
  8201 | D:8      | Received a gift from Nemelex Xobeh
  8239 | D:8      | Reached skill level 3 in Armour
  8274 | D:8      | Reached skill level 7 in Staves
  8814 | D:9      | Reached ***** piety under Nemelex Xobeh
  8832 | D:9      | Found an ornate altar of the Wu Jian Council.
  8833 | D:9      | Found a sacrificial altar of Ru.
  8867 | D:9      | Found a burning altar of Makhleb.
  8869 | D:9      | Found a white marble altar of Elyvilon.
  8869 | D:9      | Found an opulent altar of Gozag.
  8936 | D:9      | Gained mutation: You regenerate health from kills. [demonic
                  | ancestry]
  8936 | D:9      | Reached XP level 10. HP: 77/77 MP: 18/18
  8944 | D:9      | Received a gift from Nemelex Xobeh
  9058 | D:9      | Reached skill level 4 in Armour
  9090 | D:9      | Reached skill level 12 in Invocations
  9243 | D:9      | Received a gift from Nemelex Xobeh
  9613 | D:9      | Received a gift from Nemelex Xobeh
 10004 | D:10     | Entered Level 10 of the Dungeon
 10024 | D:10     | Reached skill level 8 in Staves
 10036 | D:10     | Reached skill level 7 in Fighting
 10055 | D:10     | HP: 3/79 [yak (10)]
 10514 | D:10     | Found a staircase to the Orcish Mines.
 10825 | D:10     | Received a gift from Nemelex Xobeh
 10850 | D:10     | Reached skill level 9 in Staves
 11448 | D:10     | Reached skill level 8 in Fighting
 11535 | D:10     | Reached skill level 10 in Staves
 11535 | D:10     | Gained mutation: You have hoof-like feet. [demonic
                  | ancestry]
 11535 | D:10     | Reached XP level 11. HP: 82/86 MP: 20/20
 11561 | D:10     | Received a gift from Nemelex Xobeh
 11929 | Lair:1   | Entered Level 1 of the Lair of Beasts
 11992 | Lair:1   | Reached skill level 13 in Invocations
 11997 | Lair:1   | Received a gift from Nemelex Xobeh
 12483 | Lair:1   | Learned a level 3 spell: Regeneration
 12487 | Lair:1   | Learned a level 3 spell: Vampiric Draining
 12520 | Lair:1   | Received a gift from Nemelex Xobeh
 13071 | Lair:2   | Reached skill level 14 in Invocations
 13212 | Lair:2   | Received a gift from Nemelex Xobeh
 13448 | Lair:2   | Reached skill level 15 in Invocations
 13466 | Lair:2   | Reached ****** piety under Nemelex Xobeh
 13619 | Lair:2   | Received a gift from Nemelex Xobeh
 14067 | Lair:3   | Reached skill level 16 in Invocations
 14078 | Lair:3   | Found a hole to the Spider Nest.
 14105 | Lair:3   | Reached skill level 1 in Necromancy
 14142 | Lair:3   | Reached skill level 1 in Spellcasting
 14320 | Lair:3   | Received a gift from Nemelex Xobeh
 14613 | Lair:3   | Received a gift from Nemelex Xobeh
 14759 | Lair:4   | Reached skill level 2 in Necromancy
 14759 | Lair:4   | Gained mutation: You are immune to rotting. [demonic
                  | ancestry]
 14759 | Lair:4   | Reached XP level 12. HP: 81/93 MP: 24/24
 14869 | Lair:4   | Reached skill level 2 in Spellcasting
 14987 | Lair:4   | Found a staircase to the Shoals.
 15000 | Lair:4   | Reached skill level 1 in Charms
 15000 | Lair:4   | Reached skill level 3 in Necromancy
 15540 | Lair:5   | Found a staircase to the Slime Pits.
 15540 | Lair:5   | Found a viscous altar of Jiyva.
 15582 | Lair:5   | Received a gift from Nemelex Xobeh
 15618 | Lair:5   | Reached skill level 2 in Charms
 15624 | Lair:5   | Reached skill level 4 in Necromancy
 15630 | Lair:5   | Reached skill level 9 in Fighting
 15706 | Lair:5   | Noticed an eight-headed hydra
 15718 | Lair:5   | Killed an eight-headed hydra
 15732 | Lair:5   | Got a fine leather armour
 15733 | Lair:5   | Identified the +1 leather armour of the Ace of Swords
                  | {rPois} (You found it on level 5 of the Lair of Beasts)
 15808 | Lair:5   | Noticed a death yak
 15809 | Lair:5   | Noticed a death yak
 15809 | Lair:5   | Noticed a death yak
 15810 | Lair:5   | Noticed a death yak
 15813 | Lair:5   | Noticed a death yak
 15817 | Lair:5   | Noticed a death yak
 15818 | Lair:5   | Killed a death yak
 15818 | Lair:5   | Reached skill level 3 in Spellcasting
 15825 | Lair:5   | Killed a death yak
 15827 | Lair:5   | Killed a death yak
 15827 | Lair:5   | Reached skill level 5 in Dodging
 15829 | Lair:5   | Killed a death yak
 15830 | Lair:5   | Killed a death yak
 15830 | Lair:5   | Killed a death yak
 16025 | Lair:5   | Reached skill level 4 in Spellcasting
 16075 | Lair:5   | Noticed a four-headed hydra
 16083 | Lair:5   | Killed a four-headed hydra
 16083 | Lair:5   | Reached skill level 10 in Fighting
 16160 | Lair:5   | Reached skill level 6 in Dodging
 16172 | Lair:5   | Received a gift from Nemelex Xobeh
 16180 | Lair:5   | Noticed an eight-headed hydra
 16197 | Lair:5   | Killed an eight-headed hydra
 16407 | Lair:6   | Entered Level 6 of the Lair of Beasts
 16479 | Lair:6   | Received a gift from Nemelex Xobeh
 16500 | Lair:6   | Reached skill level 7 in Dodging
 16519 | Lair:6   | Noticed a five-headed hydra
 16524 | Lair:6   | Killed a five-headed hydra
 16524 | Lair:6   | Gained mutation: You have hooves in place of feet. [demonic
                  | ancestry]
 16524 | Lair:6   | Reached XP level 13. HP: 82/103 MP: 7/25
 16861 | Lair:6   | Reached skill level 8 in Dodging
 17200 | Lair:6   | Received a gift from Nemelex Xobeh
 17327 | Lair:6   | Reached skill level 5 in Necromancy
 17390 | Lair:6   | Found a large runed translucent door.
 17391 | Lair:6   | Found a large runed translucent door.
 17408 | Lair:6   | Reached skill level 6 in Necromancy
 17498 | Lair:6   | Noticed a fire dragon
 17503 | Lair:6   | Killed a fire dragon
 17503 | Lair:6   | Reached skill level 11 in Fighting
 17519 | Lair:6   | Identified the Collected Works on Dark Feathers
 17532 | Lair:6   | Learned a level 5 spell: Borgnjor's Vile Clutch
 18189 | Orc:1    | Entered Level 1 of the Orcish Mines
 18526 | Orc:1    | Found Umneo's Weapon Shop.
 18526 | Orc:1    | Found Ovityq's General Store.
 18539 | Orc:1    | Bought a potion of brilliance for 44 gold pieces
 18561 | Orc:1    | Reached skill level 1 in Earth Magic
 18571 | Orc:1    | Found a roughly hewn altar of Beogh.
 18711 | Orc:1    | Found Jalawyum's Antique Armour Emporium.
 18815 | Orc:1    | Received a gift from Nemelex Xobeh
 18843 | Orc:1    | Found Dihops's Jewellery Shoppe.
 19071 | Orc:2    | Entered Level 2 of the Orcish Mines
 19071 | Orc:2    | Noticed Maurice
 19081 | Orc:2    | Killed Maurice
 19428 | Orc:2    | Received a gift from Nemelex Xobeh
 19453 | Orc:2    | Noticed an orc warlord
 19454 | Orc:2    | Reached skill level 2 in Earth Magic
 19462 | Orc:2    | Noticed a minotaur
 19462 | Orc:2    | an orc warlord changed into a minotaur
 19469 | Orc:2    | Killed a minotaur
 19479 | Orc:2    | Reached skill level 5 in Spellcasting
 19480 | Orc:2    | Noticed Urug
 19481 | Orc:2    | Found a roughly hewn altar of Beogh.
 19493 | Orc:2    | Reached skill level 7 in Necromancy
 19501 | Orc:2    | Killed Urug
 19528 | Orc:2    | Reached skill level 3 in Earth Magic
 19567 | Orc:2    | Found Emyllauh's Jewellery Emporium.
 19594 | Orc:2    | Found Zoriokhe's Antique Armour Emporium.
 19610 | Orc:2    | Found Osei's General Store.
 19625 | Orc:2    | Found Cucuusch's Antique Weapon Emporium.
 19768 | Orc:2    | Received a gift from Nemelex Xobeh
 19903 | Orc:2    | Noticed an orc warlord
 19913 | Orc:2    | Killed an orc warlord
 19919 | Orc:2    | Found a staircase to the Elven Halls.
 20115 | Orc:2    | Bought a twisted ring mail for 324 gold pieces
 20235 | Orc:1    | Bought a translucent chain mail for 256 gold pieces
 20235 | Orc:1    | Bought a shadowed robe for 153 gold pieces
 20235 | Orc:1    | Bought a faintly humming plate armour for 756 gold pieces
 20246 | Orc:1    | Identified the cursed +0 ring mail of Going Fast {rPois rC+
                  | rN+} (You bought it in a shop on level 2 of the Orcish
                  | Mines)
 20257 | Orc:1    | Identified the +2 chain mail "Nuxt" {Str+4 Int+9} (You
                  | bought it in a shop on level 1 of the Orcish Mines)
 20267 | Orc:1    | Identified the +2 robe of Prudence {Dex+3} (You bought it
                  | in a shop on level 1 of the Orcish Mines)
 20277 | Orc:1    | Identified the +1 plate armour "Damaighe" {Int+5} (You
                  | bought it in a shop on level 1 of the Orcish Mines)
 20927 | D:11     | Received a gift from Nemelex Xobeh
 21247 | D:11     | Gained mutation: You may emit foul miasma when damaged in
                  | melee. [demonic ancestry]
 21247 | D:11     | Reached XP level 14. HP: 59/114 MP: 26/26
 21412 | D:11     | Found a portal to a secret trove of treasure.
 21948 | D:12     | Reached skill level 4 in Earth Magic
 22109 | D:12     | Received a gift from Nemelex Xobeh
 22161 | D:12     | Found a frozen archway.
 22163 | D:12     | Reached skill level 8 in Necromancy
 22172 | IceCv    | Entered an ice cave
 22192 | IceCv    | Reached skill level 6 in Spellcasting
 22814 | IceCv    | Reached skill level 12 in Fighting
 23027 | IceCv    | Identified the +1 leather armour of Negligence {rElec rF-
                  | Int+6}
 23091 | IceCv    | Got an ebony falchion
 23100 | IceCv    | Identified the cursed +3 falchion "Epicim" {pain, rC+} (You
                  | found it in an ice cave)
 23213 | D:12     | Received a gift from Nemelex Xobeh
 23450 | D:12     | Reached skill level 5 in Armour
 24099 | D:13     | Reached skill level 5 in Earth Magic
 24489 | D:13     | Reached skill level 7 in Spellcasting
 24540 | D:13     | Received a gift from Nemelex Xobeh
 24674 | D:13     | Reached skill level 6 in Armour
 24949 | D:14     | Received a gift from Nemelex Xobeh
 25026 | D:14     | Reached skill level 6 in Earth Magic
 25159 | D:14     | Reached skill level 8 in Spellcasting
 25178 | D:14     | Reached skill level 7 in Armour
 25232 | D:14     | Found a gate to the Vaults.
 25386 | D:14     | Found Weghin's Weapon Shoppe.
 25539 | D:14     | Noticed Rupert
 25544 | D:14     | Killed Rupert
 25891 | D:15     | Entered Level 15 of the Dungeon
 25910 | D:15     | Reached skill level 8 in Armour
 25910 | D:15     | Noticed Louise
 25914 | D:15     | Gained mutation: When seriously injured, your bleeding
                  | wounds create very thick armour. (AC +12) [demonic
                  | ancestry]
 25914 | D:15     | Reached XP level 15. HP: 80/120 MP: 23/27
 25917 | D:15     | Killed Louise
 25927 | D:15     | Reached skill level 9 in Necromancy
 26014 | D:15     | Received a gift from Nemelex Xobeh
 26060 | D:15     | Found a gate leading to a gauntlet.
 26069 | Gauntlet | Entered a Gauntlet
 26069 | Gauntlet | Found a transporter.
 26080 | Gauntlet | Found a transporter.
 26094 | Gauntlet | Found a transporter.
 26102 | Gauntlet | Found a transporter.
 26117 | Gauntlet | Found a transporter.
 26139 | Gauntlet | Found a transporter.
 26148 | Gauntlet | Found a transporter.
 26153 | Gauntlet | Found a transporter.
 26168 | Gauntlet | Found a transporter.
 26174 | Gauntlet | Found a transporter.
 26189 | Gauntlet | Found a transporter.
 26193 | Gauntlet | Received a gift from Nemelex Xobeh
 26207 | Gauntlet | Found a transporter.
 26212 | Gauntlet | Found a transporter.
 26214 | Gauntlet | Found a transporter.
 26261 | Gauntlet | Found a transporter.
 26289 | Gauntlet | Found a transporter.
 26291 | Gauntlet | Found a transporter.
 26321 | Gauntlet | Found a transporter.
 26537 | Gauntlet | Got a scintillating copper ring
 26543 | Gauntlet | Got a heavily runed lapis lazuli ring
 26545 | Gauntlet | Identified the ring "Ygiquroe" {EV+5 Int+2} (You found it
                  | in a Gauntlet)
 26549 | Gauntlet | Identified the ring of the Visionary {rC+ rCorr Dex+4} (You
                  | found it in a Gauntlet)
 26589 | Gauntlet | Reached skill level 10 in Necromancy
 26606 | Gauntlet | Identified Sif Muna's Handbook of Transmigration
 26616 | Gauntlet | Got a faintly glowing dagger
 26623 | Gauntlet | Got a spiked hat
 26628 | D:15     | Identified the cursed +1 dagger of Gin and Tonic {flame,
                  | rC+ rN+} (You found it in a Gauntlet)
 26644 | D:15     | Identified the +1 hat "Xiollic" {rC+++ rCorr Int-5 Stlth+}
                  | (You found it in a Gauntlet)
 26737 | D:15     | Received a gift from Nemelex Xobeh
 27053 | Lair:1   | Learned a level 2 spell: Blink
 27056 | Lair:1   | Learned a level 2 spell: Shroud of Golubria
 27197 | Orc:1    | Bought the ring of Free Will {rCorr Int+5 Dex+9} for 902
                  | gold pieces
 27391 | D:15     | Reached skill level 1 in Transmutations
 27461 | D:15     | Reached skill level 1 in Polearms
 27637 | D:15     | Reached skill level 2 in Transmutations
 27738 | D:15     | Received a gift from Nemelex Xobeh
 27765 | D:15     | Noticed Nessos
 27766 | D:15     | Killed Nessos
 27844 | D:15     | Reached skill level 3 in Transmutations
 27973 | D:15     | Reached skill level 2 in Polearms
 27985 | D:15     | Found a staircase to the Depths.
 28021 | D:15     | Learned a level 5 spell: Irradiate
 28234 | D:7      | Killed barcode's ghost
 28376 | Spider:1 | Entered Level 1 of the Spider Nest
 28476 | Spider:1 | Reached skill level 1 in Conjurations
 28528 | Spider:1 | Reached skill level 4 in Transmutations
 28538 | Spider:1 | HP: 10/120 [disintegration (46)]
 28717 | Spider:1 | Reached skill level 1 in Translocations
 28722 | Spider:1 | Reached skill level 3 in Polearms
 28722 | Spider:1 | Reached skill level 11 in Necromancy
 28889 | Spider:1 | Reached skill level 2 in Conjurations
 28892 | Spider:1 | Found a transporter.
 29157 | Spider:1 | Received a gift from Nemelex Xobeh
 29276 | Spider:1 | Reached skill level 5 in Transmutations
 29411 | Spider:1 | Reached skill level 2 in Translocations
 29467 | Spider:1 | Received a gift from Nemelex Xobeh
 29468 | Spider:1 | Found a transporter.
 29761 | Spider:2 | Killed a ghost moth
 29800 | Spider:2 | Reached skill level 4 in Polearms
 29802 | Spider:2 | Reached skill level 3 in Conjurations
 30180 | Spider:2 | Reached skill level 6 in Transmutations
 30246 | Spider:2 | Reached XP level 16. HP: 119/127 MP: 28/28
 30905 | Spider:3 | Reached skill level 3 in Translocations
 30915 | Spider:3 | Reached skill level 5 in Polearms
 31324 | Spider:3 | Received a gift from Nemelex Xobeh
 31399 | Spider:3 | Reached skill level 4 in Conjurations
 31638 | Spider:3 | Reached skill level 7 in Transmutations
 31879 | Spider:3 | Reached skill level 6 in Polearms
 32138 | Spider:4 | Entered Level 4 of the Spider Nest
 32138 | Spider:4 | Received a gift from Nemelex Xobeh
 32138 | Spider:4 | Noticed Arachne
 32150 | Spider:4 | Killed Arachne
 32150 | Spider:4 | Reached skill level 4 in Translocations
 32160 | Spider:4 | Reached skill level 7 in Earth Magic
 32402 | Spider:4 | Reached skill level 3 in Charms
 32574 | Spider:4 | Reached skill level 12 in Necromancy
 32641 | Spider:4 | Reached skill level 9 in Spellcasting
 32680 | Spider:4 | Reached skill level 8 in Transmutations
 32684 | Spider:4 | Reached skill level 7 in Polearms
 32749 | Spider:4 | Identified the +0 long sword "Leviticus" {flame, rN+ Int+5
                  | Dex-4}
 32766 | Spider:4 | HP: 3/127 [emperor scorpion (12)]
 32790 | Spider:4 | Gained mutation: Your flesh is heat resistant. (rF+)
                  | [demonic ancestry]
 32790 | Spider:4 | Reached XP level 17. HP: 107/133 MP: 4/30
 32811 | Spider:4 | HP: 13/133 [emperor scorpion (23)]
 32813 | Spider:4 | Reached skill level 4 in Charms
 33066 | Spider:4 | Received a gift from Nemelex Xobeh
 33451 | Spider:4 | Got a gossamer rune of Zot
 33725 | Lair:1   | Identified 2 scrolls of acquirement
 33870 | D:11     | You paid a toll of 2 scrolls of acquirement to enter a
                  | treasure trove
 33871 | Trove    | Entered a treasure trove
 33907 | Trove    | Got a pitted long sword
 33989 | D:11     | Identified the cursed +1 long sword "Ici Duc" {antimagic,
                  | rPois Str+3} (You found it in a treasure trove)
 34071 | D:12     | Got a crystal short sword
 34072 | D:12     | Identified the cursed +0 short sword of Han Cysi {venom,
                  | Dex+4 Stlth+} (You found it on level 12 of the Dungeon)
 34318 | Shoals:1 | Entered Level 1 of the Shoals
 34458 | Shoals:1 | Received a gift from Nemelex Xobeh
 34691 | Shoals:1 | Reached skill level 8 in Polearms
 34706 | Shoals:1 | Reached skill level 9 in Transmutations
 34757 | Shoals:1 | Received a gift from Nemelex Xobeh
 34837 | Shoals:1 | Received a gift from Nemelex Xobeh
 34852 | Shoals:1 | Reached skill level 8 in Earth Magic
 35038 | Shoals:1 | Got a scintillating brass ring
 35040 | Shoals:1 | Identified the ring of Maruatyq {rF+ Str+2 Int+2} (You
                  | acquired it on level 1 of the Shoals)
 35085 | Shoals:2 | Noticed Ilsuiw
 35198 | Shoals:2 | Received a gift from Nemelex Xobeh
 35219 | Shoals:2 | Identified the +1 robe of Devotion {rN++ Slay+2}
 35225 | Shoals:2 | Killed Ilsuiw
 35264 | Shoals:2 | Reached skill level 9 in Polearms
 35365 | Shoals:2 | Noticed Polyphemus
 35385 | Shoals:2 | Killed Polyphemus
 35628 | Shoals:2 | Learned a level 6 spell: Deflect Missiles
 35682 | Shoals:2 | Received a gift from Nemelex Xobeh
 35769 | Shoals:2 | Reached skill level 10 in Transmutations
 35856 | Shoals:2 | Reached skill level 17 in Invocations
 36055 | Shoals:3 | Identified the +5 demon trident of Zuxat {freeze, +Inv rC-
                  | rN++ Stlth+}
 36060 | Shoals:3 | Received a gift from Nemelex Xobeh
 36133 | Shoals:3 | Received a gift from Nemelex Xobeh
 36166 | Shoals:3 | Reached skill level 10 in Spellcasting
 36519 | Shoals:3 | Learned a level 6 spell: Statue Form
 36539 | Shoals:3 | Reached skill level 5 in Conjurations
 36795 | Shoals:4 | Entered Level 4 of the Shoals
 36799 | Shoals:4 | Received a gift from Nemelex Xobeh
 36821 | Shoals:4 | Found Unaazatos's Gadget Emporium.
 36824 | Shoals:4 | Noticed Mara
 36837 | Shoals:4 | Killed Mara
 36837 | Shoals:4 | Reached skill level 10 in Polearms
 36843 | Shoals:4 | Reached XP level 18. HP: 120/140 MP: 27/32
 36859 | Shoals:4 | HP: 3/140 [shock serpent/bolt of electricity (17)]
 36860 | Shoals:4 | Slain by a merfolk

Levels and vault maps discovered:
D:1:      psy_arrival_dodecagon, layout_basic, nemelex_diamond_rough_becter
D:2:      layout_loops_ring, chequers_ecumenical_altar_simple_redux,
          first_ration
D:3:      layout_basic, tgw_sif, uniq_robin, uniq_natasha
D:4:      layout_basic, minmay_temple_entry_tees
D:5:      lemuel_castle_with_subvaults [lemuel_castle_interior_carwin_2],
          layout_cave_pools, uniq_edmund, uniq_pikel, uniq_duvessa,
          uniq_prince_ribbit1
D:6:      layout_basic, grunt_dithmenos_smoke
D:7:      layout_gridville, old_standard_altar, ebering_ghost_xom
D:8:      layout_basic, dpeg_oklobed_lair, enter_ossuary_1
D:9:      layout_layer_cave, grunt_temple_overflow_open
D:10:     layout_loops_corners, orc_0_dummy
D:11:     layout_basic, enter_trove_5
D:12:     layout_roguey, portal_ice_cave_entry_ice_beasts
D:13:     layout_cave_pools
D:14:     layout_roguey, grunt_vaults_entry_tiered, serial_shops, shop,
          hangedman_abyss_or_decor_stagger, uniq_rupert
D:15:     grunt_enter_depths_hoard, layout_gridville, gauntlet_entry_generic,
          chequers_serial_rivers_marsh, st_stairs_7, moated_statue, uniq_nessos,
          uniq_louise
Lair:1:   layout_regular_city, bh_autumn_forest_stairs, beast_lair_carwin_11
Lair:2:   beast_lair_carwin_large_1, layout_hall_layers
Lair:3:   layout_chaotic_city, spider_nest_entry_webs
Lair:4:   layout_loops_ring, minmay_shoals_entry_hut, st_stairs_9
Lair:5:   layout_misc_corridors, slime_altar_1
Lair:6:   cheibrodos_lair_end_hotspot, layout_regular_city, serial_bayou_shore_a
Shoals:1: layout_shoals
Shoals:2: layout_shoals, uniq_ilsuiw, uniq_polyphemus
Shoals:3: layout_shoals, hangedman_shoals_cup_caves
Shoals:4: shoals_end_hangedman, layout_shoals, serial_shops, nicolae_shop_trees,
          nicolae_shop_statue_plus, uniq_mara
Spider:1: gammafunk_its_a_trap
Spider:2: nicolae_spider_mines_1, minmay_another_anthill,
          nicolae_spider_cling_halls
Spider:3: cheibrodos_spider_silkery
Spider:4: grunt_spider_rune_circles, uniq_arachne
Orc:1:    nicolae_orc_accident_1, layout_diamond_mine, serial_shops, shop, shop,
          shop, shop, basic_altar
Orc:2:    grunt_orc_cross, layout_diamond_mine, uniq_maurice

Skill      XL: |  1  2  3  4  5  6  7  8  9 10 11 12 13 14 15 16 17 |
---------------+----------------------------------------------------+-----
Throwing       | 2 |  2.0
Staves         | 3 4 5 7 10 | 10.0
Dodging        | 3 4 7 8 |  8.0
Invocations    | 1 2 3 4 6 8 11 12 16 17 | 17.3
Fighting       | 3 4 5 6 8 10 11 12 | 12.0
Armour         | 3 4 8 |  8.0
Necromancy     | 2 4 7 8 11 12 | 12.0
Spellcasting   | 1 4 5 8 9 10 | 10.3
Charms         | 2 3 4 |  4.0
Earth Magic    | 3 6 7 8 |  8.0
Transmutations | 6 8 10 | 10.7
Polearms       | 4 7 10 | 10.1
Conjurations   | 3 4 5 |  5.3
Translocations | 2 4 |  4.0

Action                   |  1- 3 |  4- 6 |  7- 9 | 10-12 | 13-15 | 16-18 || total
-------------------------+-------+-------+-------+-------+-------+-------++-------
Melee: Quarterstaff      |   124 |   182 |   248 |       |       |       ||   554
       Kick              |       |    31 |   106 |    15 |   737 |   453 ||  1342
       Staff             |       |       |   148 |   699 |  1486 |   608 ||  2941
       Bardiche          |       |       |       |       |       |   241 ||   241
Throw: Dart              |       |       |     7 |    21 |     1 |       ||    29
       Throwing net      |       |       |     2 |       |     1 |     1 ||     4
       Javelin           |       |       |       |       |       |    23 ||    23
 Cast: Vampiric Draining |       |       |       |     7 |    29 |     7 ||    43
       Regeneration      |       |       |       |     1 |    40 |    72 ||   113
       Borgnjor's Vile C |       |       |       |       |    16 |    37 ||    53
       Shroud of Golubri |       |       |       |       |     2 |     1 ||     3
       Blink             |       |       |       |       |     1 |     1 ||     2
       Irradiate         |       |       |       |       |       |     2 ||     2
Invok: Stack Five        |       |       |       |     2 |     1 |     3 ||     6
       Deal Four         |       |       |       |       |     9 |     4 ||    13
 Abil: Draw Destruction  |       |     4 |     6 |    58 |    34 |    42 ||   144
       Evoke Berserk Rag |       |     1 |     2 |       |       |       ||     3
       Draw Escape       |       |       |     3 |       |     1 |     3 ||     7
       Draw Summoning    |       |       |       |     5 |    11 |    22 ||    38
       Draw Stack        |       |       |       |       |     3 |    11 ||    14
Evoke: Wand              |       |       |     2 |     2 |    28 |    17 ||    49
       Staff of Olgreb   |       |       |       |       |     1 |       ||     1
  Use: Scroll            |       |       |     4 |    14 |    23 |     6 ||    47
       Potion            |       |       |       |     2 |     3 |    14 ||    19
 Stab: Sleeping          |     5 |       |       |     2 |     5 |     6 ||    18
       Petrified         |       |       |       |     6 |    15 |     2 ||    23
       Petrifying        |       |       |       |     2 |     1 |       ||     3
       Distracted        |       |       |       |     1 |     4 |       ||     5
       Paralysed         |       |       |       |       |     6 |     1 ||     7
       Fleeing           |       |       |       |       |       |     1 ||     1
       Held in net/web   |       |       |       |       |       |     1 ||     1
  Eat: Chunk             |     4 |     6 |    18 |    22 |    33 |    29 ||   112
       Ration            |       |       |       |     1 |     7 |     4 ||    12
Armor: Leather armour    |    31 |    28 |    27 |   148 |   300 |   366 ||   900
       Animal skin       |       |    36 |    78 |       |       |       ||   114
       Plate armour      |       |       |    31 |       |       |       ||    31
Dodge: Dodged            |    79 |   149 |   267 |   366 |  1212 |  1528 ||  3601
